 Dungeon Crawl Stone Soup version bcrawl-1.12-11-gb93c957c58 (console) character file.

Game seed: 9659196315519866306

5756 Lexodia the Party-goer (level 10, -8/79 HPs)
             Began as a Demonspawn Archaeologist on July 3, 2019.
             Was a Believer of Uskayaw.
             Mangled by a death knight
             ... wielding a +2 great sword
              (27 damage)
             ... on level 8 of the Dungeon.
             The game lasted 00:18:52 (8040 turns).

Lexodia the Party-goer (Demonspawn Archaeologist)   Turns: 8040, Time: 00:18:52

Health: -8/79      AC: 15    Str: 13    XL:     10   Next: 49%
Magic:  0/6        EV: 17    Int: 16    God:    Uskayaw [**....]
Gold:   449        SH:  0    Dex: 13    Spells: 9/9 levels left

rFire    + . .     SeeInvis .   f - +5 demon whip {antimagic, MR+}
rCold    + . .     Gourm    .   (no shield)
rNeg     . . .     Faith    .   E - +0 steam dragon scales
rPois    +         Spirit   +   b - +1 hat
rElec    .         Reflect  .   C - +0 cloak
rCorr    .         Harm     .   d - +1 pair of gloves
MR       ++...                  c - +1 pair of boots
Stlth    ++........             w - amulet of the acrobat
HPRegen  0.23/turn              o - +3 ring of evasion
MPRegen  0.10/turn              s - ring of protection from fire

@: no status effects
A: thin metallic scales 2, cold resistance 1, magic resistance 1, poison
resistance, evolution 1, magic shield, MP-powered wands
a: Stomp, Line Pass, Renounce Religion


You were on level 8 of the Dungeon.
You worshipped Uskayaw.
Uskayaw was aware of your devotion.
You were near starving.

You visited 1 branch of the dungeon, and saw 8 of its levels.

You collected 629 gold pieces.
You spent 180 gold pieces at shops.

Inventory:

Hand Weapons
 f - the +5 demon whip "Spellbinder" (weapon) {antimagic, MR+}

   It reduces the magical energy of the wielder, and disrupts the spells and
   magical abilities of those hit.
   Natural abilities and divine invocations are not affected.
   It affects your resistance to hostile enchantments.
 G - the +10 hunting sling of Tijostrit {freeze, Stlth+, unknown}
   (You found it on level 6 of the Dungeon)

   It causes projectiles fired from it to freeze those they strike, causing
   extra injury to most foes and up to half again as much damage against
   particularly susceptible opponents.
   They can also slow down cold-blooded creatures.
   It makes you more stealthy.
Missiles
 x - 2 throwing nets (quivered) {!f}
Armour
 b - a +1 hat (worn)
 c - a +1 pair of boots (worn)
 d - a +1 pair of gloves (worn)
 i - a +0 troll leather armour
 C - a +0 cloak (worn)
 E - +0 steam dragon scales (worn)
Jewellery
 e - an uncursed ring of wizardry
 k - an uncursed amulet of regeneration
 m - a +4 ring of intelligence
 o - a +3 ring of evasion (left hand)
 r - an uncursed amulet of magic regeneration
 s - a ring of protection from fire (right hand)
 v - a +3 amulet of reflection
 w - an amulet of the acrobat (around neck)
 A - the amulet "Cin Qeoz" {Faith rPois rF+ Dex+4 Slay-2}
   (You took it off an orc wizard on level 6 of the Dungeon)

   [amulet of faith]

   It allows you to gain divine favour quickly.
   It affects your dexterity (+4).
   It affects your accuracy and damage with ranged weapons and melee attacks
   (-2).
   It protects you from fire.
   It protects you from poison.
Wands
 h - a wand of random effects (5)
 n - a wand of acid (10)
 q - a wand of polymorph (8)
 F - a wand of digging (8)
Scrolls
 a - a scroll of immolation {unknown}
 j - 12 scrolls of identify
 l - a scroll of enchant weapon {unknown}
 p - 7 scrolls of teleportation {unknown}
 t - a scroll of blinking
 y - a scroll of fear
 z - 3 scrolls of magic mapping {unknown}
 D - 4 scrolls of remove curse
 K - 2 scrolls of amnesia {unknown}
 M - a scroll of brand weapon {unknown}
Potions
 B - a potion of heal wounds
 J - 3 potions of curing
Comestibles
 g - 16 rations {!d}


   Skills:
 + Level 7.0 Fighting
 * Level 9.1 Maces & Flails
 * Level 5.4 Armour
 + Level 4.8 Dodging
 - Level 3.0 Stealth
 * Level 10.8 Invocations


You had 9 spell levels left.
You didn't know any spells.
Your spell library contained the following spells:

 Spells                   Type           Power        Failure   Level  Hunger
 Magic Dart               Conj           #...         26%         1    ##.....
 Slow                     Hex            #.......     26%         1    ##.....
 Summon Small Mammal      Summ           #...         26%         1    ##.....
 Blink                    Tloc           N/A          36%         2    ###....
 Call Imp                 Summ           #.......     36%         2    ###....
 Call Canine Familiar     Summ           #.......     58%         3    ####...
 Conjure Flame            Conj/Fire      #.......     58%         3    ####...
 Mephitic Cloud           Conj/Pois/Air  #.......     58%         3    ####...
 Summon Ice Beast         Ice/Summ       #.......     94%         4    #####..
 Summon Lightning Spire   Summ/Air       #.......     100%        5    ######.


Dungeon Overview and Level Annotations

Branches:
Dungeon (8/12)             Temple (0/1) D:7
   Lair: D:7-10         Orc: D:8-11

Altars:
Dithmenos
Elyvilon
Hepliaklqana
Lugonu
Nemelex Xobeh
Qazlal
Ru
Trog
Uskayaw
Wu Jian
Xom
Yredelemnul
Zin

Shops:
D:5 !%([*


Innate Abilities, Weirdness & Mutations

You are mostly covered in thin metallic scales. (AC +3)
When hurt, damage is shared between your health and your magic reserves.
Your flesh is cold resistant. (rC+)
You are resistant to hostile enchantments. (MR+)
Your system is resistant to poisons. (rPois)
You evolve.
You expend magic power (3 MP) to strengthen your wands.


Message History

You hit the death knight but do no damage.
The death knight is moderately wounded.
The death knight hits you with a +2 great sword.
* * * LOW HITPOINT WARNING * * *
You feel much better.
You hit the death knight.
The death knight is moderately wounded.
The death knight closely misses you.
You hit the death knight.
The death knight is moderately wounded.
You closely miss the death knight.
The death knight is moderately wounded.
The death knight hits you with a +2 great sword!
* * * LOW HITPOINT WARNING * * *
You hit the death knight but do no damage.
The death knight is moderately wounded.
You whack the death knight!
The death knight is heavily wounded.
The death knight hits you with a +2 great sword!!
You die...

##.........(.............
##............$......... #
###.......................
##
##........W..######........
.# ##.........####
##....... .###....###..##
....... ......### #..##
.###### #...### #..W#### .#
#.### #..##zp@# #.#
#.######## #.# #.# ### ##


You could see a death knight, a skeletal warrior and a freezing wraith.

Vanquished Creatures
  A phantasmal warrior (D:8)
  Pikel (D:4)
  A manticore (D:7)
  A gargoyle (D:8)
  A troll (D:4)
  A hippogriff (D:7)
  Sigmund (D:2)
  A wyvern (D:8)
  Menkaure (D:6)
  A steam dragon (D:6)
  Edmund (D:5)
  A soldier ant (D:7)
  7 sky beasts
  A black bear (D:6)
  6 ogres
  A centaur (D:7)
  A crocodile (D:7)
  A big kobold (D:3)
  2 bullfrogs
  2 howler monkeys
  6 crimson imps
  Crazy Yiuf (D:5)
  7 hounds
  5 orc wizards
  2 orc priests
  2 bullfrog skeletons (D:7)
  4 jellies
  2 iguanas
  Ijyb (D:4)
  8 worker ants
  A hound skeleton (D:7)
  A worker ant zombie (D:5)
  4 gnolls (D:7)
  2 adders (D:4)
  5 shadow imps
  An ooze (D:2)
  An adder skeleton (D:5)
  7 worms
  2 dart slugs
  5 leopard geckos
  21 orcs
  A ball python (D:2)
  5 giant cockroaches
  2 gnoll zombies (D:4)
  9 goblins
  9 hobgoblins
  3 jackals (D:2)
  5 quokkas
  10 bats
  7 frilled lizards
  7 kobolds
  6 rats
185 creatures vanquished.

Vanquished Creatures (collateral kills)
  2 orc wizards (D:4)
  An orc (D:4)
  A frilled lizard (D:4)
4 creatures vanquished.

Vanquished Creatures (others)
  A bullfrog (D:4)
  An iguana (D:4)
2 creatures vanquished.

Grand Total: 191 creatures vanquished

Notes
Turn   | Place    | Note
-------+----------+-------------------------------------------
     0 | D:1      | Lexodia the Demonspawn Archaeologist began the quest for
                  | the Orb.
     0 | D:1      | Reached XP level 1. HP: 15/15 MP: 1/1
    91 | D:1      | Found a sparkling altar of Nemelex Xobeh.
   135 | D:1      | Gained mutation: You are partially covered in thin metallic
                  | scales. (AC +2) [demonic ancestry]
   135 | D:1      | Reached XP level 2. HP: 21/21 MP: 2/2
   566 | D:1      | Reached XP level 3. HP: 28/28 MP: 3/3
  1414 | D:2      | Found a hide-covered altar of Uskayaw.
  1416 | D:2      | Found a glowing silver altar of Zin.
  1416 | D:2      | Found a stormy altar of Qazlal.
  1493 | D:2      | Reached XP level 4. HP: 15/36 MP: 4/4
  1516 | D:2      | Became a worshipper of Uskayaw the Reveler
  1688 | D:2      | Noticed Sigmund
  1695 | D:2      | Gained mutation: You are mostly covered in thin metallic
                  | scales. (AC +3) [potion of mutation]
  1695 | D:2      | Gained mutation: Your flesh is heat resistant. (rF+)
                  | [potion of mutation]
  1703 | D:2      | Reached * piety under Uskayaw
  1714 | D:2      | Reached ** piety under Uskayaw
  1730 | D:2      | Killed Sigmund
  1730 | D:2      | Reached skill level 3 in Invocations
  1730 | D:2      | Reached XP level 5. HP: 17/42 MP: 4/7
  2600 | D:3      | Found a corrupted altar of Lugonu.
  2643 | D:3      | Reached XP level 6. HP: 46/48 MP: 8/8
  2689 | D:3      | Found a shadowy altar of Dithmenos.
  2765 | D:3      | Found a bloodstained altar of Trog.
  3041 | D:3      | Reached skill level 4 in Invocations
  3360 | D:4      | Noticed Ijyb
  3360 | D:4      | Noticed a sky beast
  3409 | D:4      | Reached *** piety under Uskayaw
  3470 | D:4      | Noticed Pikel
  3470 | D:4      | Noticed a slave
  3470 | D:4      | Noticed a slave
  3472 | D:4      | Noticed a slave
  3479 | D:4      | Noticed a slave
  3535 | D:4      | Killed Pikel
  3535 | D:4      | Reached skill level 5 in Fighting
  3535 | D:4      | Reached skill level 6 in Invocations
  3535 | D:4      | Gained mutation: When hurt, damage is shared between your
                  | health and your magic reserves. [demonic ancestry]
  3535 | D:4      | Reached XP level 7. HP: 27/56 MP: 3/11
  3799 | D:4      | Mutation became permanent: You are partially covered in
                  | thin metallic scales. (AC +2) [demonic ancestry]
  3799 | D:4      | Gained mutation: You are mostly covered in thin metallic
                  | scales. (AC +3) [demonic ancestry]
  3799 | D:4      | Reached XP level 8. HP: 52/62 MP: 3/13
  3827 | D:4      | Found a basalt altar of Yredelemnul.
  4290 | D:4      | Noticed a troll
  4321 | D:4      | Killed a troll
  4321 | D:4      | Reached skill level 7 in Invocations
  4321 | D:4      | Reached **** piety under Uskayaw
  4500 | D:4      | Killed Ijyb
  4574 | D:5      | Entered Level 5 of the Dungeon
  4609 | D:5      | Reached skill level 1 in Armour
  4723 | D:5      | Found Veak's Weapon Shop.
  4727 | D:5      | Found Ygeu's Armour Shoppe.
  4744 | D:5      | Reached skill level 8 in Invocations
  4776 | D:5      | Found Jacsouna's Assorted Antiques.
  4865 | D:5      | Found a shimmering altar of Xom.
  4942 | D:5      | Found Ickywkun's Distillery.
  4963 | D:5      | Reached XP level 9. HP: 52/69 MP: 2/15
  4975 | D:5      | Bought a potion of heal wounds for 50 gold pieces
  4975 | D:5      | Bought a potion of mutation for 80 gold pieces
  4975 | D:5      | Bought a potion of heal wounds for 50 gold pieces
  4981 | D:5      | Found Cuolua Qiane's Food Shop.
  5118 | D:5      | Found a runed door.
  5209 | D:5      | Found a sacrificial altar of Ru.
  5315 | D:5      | Noticed Crazy Yiuf
  5315 | D:5      | Noticed Edmund
  5320 | D:5      | Lost mutation: Your flesh is heat resistant. (rF+) [potion
                  | of mutation]
  5320 | D:5      | Gained mutation: Your flesh is cold resistant. (rC+)
                  | [potion of mutation]
  5320 | D:5      | Gained mutation: You passively map a small area around you.
                  | [potion of mutation]
  5320 | D:5      | Gained mutation: You are frail. (-10% HP) [potion of
                  | mutation]
  5320 | D:5      | Gained mutation: You have sharp toenails. [potion of
                  | mutation]
  5321 | D:5      | Lost mutation: You are frail. (-10% HP) [potion of
                  | mutation]
  5321 | D:5      | Lost mutation: Your flesh is cold resistant. (rC+) [potion
                  | of mutation]
  5321 | D:5      | Gained mutation: You evolve. [potion of mutation]
  5321 | D:5      | Gained mutation: Armour fits poorly on your strangely
                  | shaped body. [potion of mutation]
  5321 | D:5      | Gained mutation: Your flesh is cold resistant. (rC+)
                  | [potion of mutation]
  5322 | D:5      | Lost mutation: You passively map a small area around you.
                  | [potion of mutation]
  5322 | D:5      | Lost mutation: Armour fits poorly on your strangely shaped
                  | body. [potion of mutation]
  5322 | D:5      | Lost mutation: You have sharp toenails. [potion of
                  | mutation]
  5322 | D:5      | Gained mutation: You expend magic power (3 MP) to
                  | strengthen your wands. [potion of mutation]
  5322 | D:5      | Gained mutation: You are resistant to hostile enchantments.
                  | (MR+) [potion of mutation]
  5322 | D:5      | Gained mutation: You have a pair of small horns on your
                  | head. [potion of mutation]
  5322 | D:5      | Gained mutation: Your system is resistant to poisons.
                  | (rPois) [potion of mutation]
  5331 | D:5      | Killed Crazy Yiuf
  5339 | D:5      | Killed Edmund
  5428 | D:6      | Found a white marble altar of Elyvilon.
  5429 | D:6      | Identified the amulet "Cin Qeoz" {Faith rPois rF+ Dex+4
                  | Slay-2}
  5491 | D:6      | Reached skill level 9 in Invocations
  5510 | D:6      | Found an ornate altar of the Wu Jian Council.
  5525 | D:6      | Noticed Menkaure
  5535 | D:6      | Killed Menkaure
  5726 | D:6      | Got a scorched hunting sling
  6347 | D:7      | Found a staircase to the Ecumenical Temple.
  6386 | D:7      | Reached ***** piety under Uskayaw
  6488 | D:7      | Reached skill level 10 in Invocations
  6523 | D:7      | Found a hazy altar of Hepliaklqana.
  6538 | D:7      | Reached XP level 10. HP: 76/77 MP: 5/17
  6550 | D:7      | Noticed a manticore
  6563 | D:7      | Killed a manticore
  6894 | D:8      | Noticed a gargoyle
  6917 | D:8      | Killed a gargoyle
  6919 | D:8      | Reached skill level 5 in Armour
  7246 | D:8      | Noticed a skeletal warrior
  7247 | D:8      | Noticed a death knight
  7252 | D:8      | Noticed a phantasmal warrior
  7304 | D:8      | HP: 3/77 [death knight/+2 great sword (15)]
  7308 | D:8      | HP: 1/77 [death knight/+2 great sword (22)]
  7718 | D:7      | Lost mutation: You have a pair of small horns on your head.
                  | [evolution]
  7730 | D:8      | Killed a phantasmal warrior
  8040 | D:8      | Mangled by a death knight

Skill      XL: |  1  2  3  4  5  6  7  8  9 10 |
---------------+-------------------------------+-----
Dodging        | 3 4 |  4.8
Fighting       | 2 3 4 5 6 7 |  7.0
Maces & Flails | 3 6 7 8 9 |  9.1
Invocations    | 3 6 8 10 | 10.8
Armour         | 2 4 5 |  5.4
Stealth        | |  3.0

Action                   |  1- 3 |  4- 6 |  7- 9 | 10-12 || total
-------------------------+-------+-------+-------+-------++-------
Melee: Unarmed           |   335 |       |       |       ||   335
       Rapier            |   111 |    69 |       |       ||   180
       Whip              |       |   221 |       |       ||   221
       Demon whip        |       |       |   322 |   135 ||   457
       Headbutt          |       |       |    35 |    21 ||    56
Invok: Stomp             |       |     2 |     1 |       ||     3
  Use: Potion            |       |     5 |     4 |     6 ||    15
       Scroll            |       |       |     2 |     3 ||     5
 Stab: Sleeping          |     7 |     4 |     3 |     2 ||    16
       Paralysed         |       |     1 |    16 |     4 ||    21
       Confused          |       |       |       |     2 ||     2
  Eat: Chunk             |     2 |     7 |    11 |     3 ||    23
Armor: Robe              |   164 |    81 |    19 |       ||   264
       Troll leather arm |       |       |    25 |       ||    25
       Steam dragon scal |       |       |    31 |    29 ||    60
Dodge: Dodged            |   367 |   197 |   192 |    97 ||   853
